 Dungeon Crawl Stone Soup version 0.18.1-50-g88ac8fd (webtiles) character file.

73 FrankyJ the Shield-Bearer (level 4, -1/35 HPs)
             Began as a Formicid Fighter on Nov 5, 2016.
             Slain by nobody's ghost (9 damage)
             ... on level 3 of the Dungeon.
             The game lasted 00:04:49 (1944 turns).

FrankyJ the Shield-Bearer (Formicid Fighter)        Turns: 1944, Time: 00:04:49

Health: -1/35      AC:  8    Str: 20    XL:     4   Next: 51%
Magic:  4/4        EV:  3    Int:  8    God:
Gold:   121        SH:  9    Dex: 11    Spells: 0 memorised, 3 levels left

rFire  . . .     SeeInvis +     a - +0 war axe
rCold  . . .     Gourm    .     b - +0 scale mail
rNeg   . . .     Faith    .     c - +0 shield
rPois  .         Spirit   .     (helmet unavailable)
rElec  .         Dismiss  .     (no cloak)
rCorr  .         Reflect  .     (no gloves)
SustAt .         Harm     .     l - +0 pair of boots
MR     .....                    i - amulet of magic regeneration
Stlth  ..........               (no ring)
                                (no ring)

@: not resistant to hostile enchantments, extremely unstealthy
A: permanent stasis, dig shafts and tunnels, four strong arms, antennae 3
a: Dig, Shaft Self


You were on level 3 of the Dungeon.
You were very hungry.

You visited 1 branch of the dungeon, and saw 3 of its levels.

You collected 121 gold pieces.

Inventory:

Hand Weapons
 a - a +0 war axe (weapon)
Armour
 b - a +0 scale mail (worn)
 c - a +0 shield (worn)
 l - a +0 pair of boots (worn)
Jewellery
 i - an amulet of magic regeneration (around neck)
Scrolls
 e - a scroll of fog
Potions
 d - 3 potions of might
 j - a potion of flight
 m - a potion of lignification {unknown}
 o - a potion of heal wounds {unknown}
 p - a potion of degeneration {unknown}
Comestibles
 f - 2 bread rations
 g - a meat ration
 h - 9 chunks of flesh


   Skills:
 + Level 3.5 Fighting
 * Level 3.2 Axes
 + Level 3.4 Armour
 * Level 1.5 Dodging
 + Level 4.0 Shields


You had 3 spell levels left.
You didn't know any spells.

Dungeon Overview and Level Annotations

Branches:
Dungeon (3/15)

Altars:
The Shining One

Annotations:
D:3 nobody's ghost, amateur MiFi


Innate Abilities, Weirdness & Mutations

You are under a permanent stasis effect.
You can dig through walls and to a lower floor.
Your four strong arms can wield two-handed weapons with a shield.
You have a pair of large antennae on your head (SInv).


Message History

Some of the chunks of flesh in your inventory have rotted away.
You retract your mandibles.
You are feeling very hungry.
You extend your mandibles.
You dig through the rock wall.
The centaur shoots an arrow.
The arrow hits you.
* * * LOW HITPOINT WARNING * * *
You see here an arrow.
You dig through the rock wall.
You dig through the rock wall.
Nobody's ghost hits you.
* * * LOW HITPOINT WARNING * * *
You dig through the rock wall.
You dig through the rock wall.
You dig through the rock wall.
You dig through the rock wall.
Found a whip.
You retract your mandibles.
You see here a whip.
There is a stone staircase leading down here.
Nobody's ghost hits you!
You die...

#...##..## #...####.##
#...# ##r##
##...######.###
.#...#......{.####
##...########c.c.#
#...# ####)# #...#
##.SW####### #...#
#...@......# #...#
##..S##..#.#
#...#########...# .#
#...........#...# ..
#...........#...## ##
#.....?.....#....#
#......#...###...##
##......#...+...<..#
........#...###.####.#


You could see a centaur, nobody's ghost and 2 adders.

Vanquished Creatures
  3 adders
  A dart slug (D:2)
  A giant gecko (D:2)
  3 giant cockroaches
  5 goblins
  7 hobgoblins
  4 jackals (D:1)
  4 kobolds
  9 bats
  2 giant newts
  3 rats (D:2)
42 creatures vanquished.

Notes
Turn   | Place    | Note
--------------------------------------------------------------
     0 | D:1      | FrankyJ the Formicid Fighter began the quest for the Orb.
     0 | D:1      | Reached XP level 1. HP: 18/18 MP: 1/1
   208 | D:1      | Reached XP level 2. HP: 24/24 MP: 2/2
   849 | D:2      | Reached skill level 1 in Dodging
   849 | D:2      | Reached XP level 3. HP: 22/29 MP: 3/3
  1360 | D:2      | Reached XP level 4. HP: 28/35 MP: 4/4
  1542 | D:2      | Found a glowing golden altar of the Shining One.
  1776 | D:3      | Reached skill level 4 in Shields
  1894 | D:3      | Noticed a centaur
  1894 | D:3      | Noticed nobody's ghost (amateur MiFi)
  1944 | D:3      | Slain by nobody's ghost

Skill      XL: |  1  2  3  4 |
---------------+-------------+-----
Dodging        | 1 |  1.5
Axes           | 3 |  3.2
Shields        | 4 |  4.0
Fighting       | |  3.5
Armour         | |  3.4

Action                   |  1- 3 |  4- 6 || total
-------------------------+-------+-------++-------
Melee: War axe           |    87 |    50 ||   137
 Abil: Dig               |       |     2 ||     2
  Use: Scroll            |       |     4 ||     4
  Eat: Chunk             |     2 |     1 ||     3
Armor: Scale mail        |    58 |    32 ||    90
Dodge: Dodged            |    38 |    21 ||    59
Block: Shield            |    67 |    38 ||   105
